 Dungeon Crawl Stone Soup version 0.19.5 (webtiles) character file.

281 sveltemanboy the Slasher (level 6, -1/44 HPs)
             Began as a Demonspawn Gladiator on Mar 24, 2017.
             Slain by an ogre
             ... wielding a +0 giant club
              (22 damage)
             ... on level 4 of the Dungeon.
             The game lasted 00:08:26 (3332 turns).

sveltemanboy the Slasher (Demonspawn Gladiator)     Turns: 3332, Time: 00:08:27

Health: -1/44      AC:  4    Str: 15    XL:     6   Next: 6%
Magic:  7/7        EV: 13    Int: 12    God:
Gold:   185        SH:  0    Dex: 13    Spells: 1 memorised, 6 levels left

rFire  + . .     SeeInvis .     a - +0 long sword
rCold  + . .     Gourm    .     p - +1 leather armour {rF+}
rNeg   . . .     Faith    .     (no shield)
rPois  .         Spirit   .     (helmet restricted)
rElec  .         Reflect  .     (no cloak)
rCorr  .         Harm     .     (no gloves)
MR     .....                    (no boots)
Stlth  +.........               (no amulet)
                                (no ring)
                                (no ring)

@: no status effects
A: antennae 1, cold resistance 1
a: no special abilities


You were on level 4 of the Dungeon.
You were not hungry.

You visited 1 branch of the dungeon, and saw 4 of its levels.

You collected 185 gold pieces.

Inventory:

Hand Weapons
 a - a +0 long sword (weapon)
Missiles
 d - 3 throwing nets (quivered)
Armour
 p - a +1 leather armour of fire resistance (worn)
Wands
 j - a wand of iceblast (13/15)
 l - a wand of flame (0/48)
Scrolls
 b - a scroll of enchant armour
 e - a scroll of recharging {unknown}
 g - a scroll of amnesia
 h - 3 scrolls of identify
 n - 2 scrolls of remove curse
 o - a scroll of fear {unknown}
 r - 2 scrolls of enchant weapon {unknown}
 t - a scroll of teleportation
 v - a scroll of fog {unknown}
Potions
 q - a potion of flight
Books
 u - a book of Misfortune

   Spells                             Type                      Level
   a - Confusing Touch                Hexes                        1
   b - Confuse                        Hexes                        3
   c - Gell's Gravitas                Hexes/Translocation          3
   d - Petrify                        Transmutation/Earth          4
   e - Metabolic Englaciation         Hexes/Ice                    5
   f - Yara's Violent Unravelling     Hexes/Transmutation          5
Comestibles
 f - a bread ration
 m - 3 meat rations
 s - 2 beef jerkies


   Skills:
 - Level 2.0 Fighting
 * Level 5.1 Long Blades
 - Level 1.7 Throwing
 - Level 2.0 Armour
 - Level 3.1 Dodging
 - Level 1.0 Spellcasting
 + Level 0.0 Hexes
 - Level 1.3 Evocations


You had 6 spell levels left.
You knew the following spells:

 Your Spells              Type           Power        Failure   Level  Hunger
a - Confusing Touch       Hex            #.....       38%         1    ##.....


Dungeon Overview and Level Annotations

Branches:
Dungeon (4/15)
 Temple: D:4-7

Altars:
Dithmenos
Hepliaklqana
Kikubaaqudgha
Uskayaw


Innate Abilities, Weirdness & Mutations

You have a pair of small antennae on your head.
Your flesh is cold resistant. (rC+)


Message History

The slug dart misses you.
An ogre comes into view. It is wielding a giant club.
The ogre shouts!
The ogre barely misses you.
You barely miss the ogre. You hit the ogre.
The ogre is lightly wounded.
The ogre hits you with a giant club!
You slash the ogre!
The ogre is moderately wounded.
The ogre hits you with a giant club!!
* * * LOW HITPOINT WARNING * * *
You are too injured to fight recklessly!
You are too injured to fight recklessly!
Evoke which item? (* to show all) (? for menu, Esc to quit)
Okay, then.
It was a potion of curing.
You feel better. The ogre hits you with a giant club!!
Ouch! That really hurt!
You die...

#.PP...#####.#
#.#.P'........#
#####.####### #.#
############.####
######...............##
##...).......#(....##..#
####.[.####(###.###.#####.#
.........w.O@...# #.# #.#
####...####.###.# #.# #.###
##.# #.###.###.# ##...# #.
#.........####....# #
#####.###......_...
........# #.###....##
######### #.# #...## #.#
###.# #.# #.#


You could see an ogre and a dart slug.

Vanquished Creatures
  The ghost of sveltemanboy the Slasher, a weakling DsGl (D:3)
  A hound (D:4)
  An orc wizard (D:3)
  2 worker ants (D:4)
  A gnoll (D:1)
  3 adders
  2 worms
  2 dart slugs (D:1)
  2 leopard geckos
  5 orcs (D:3)
  9 giant cockroaches
  6 goblins
  8 hobgoblins
  11 jackals (D:2)
  8 kobolds
  A quokka (D:3)
  A ball python (D:1)
  6 bats
  6 frilled lizards
  9 rats
85 creatures vanquished.

Notes
Turn   | Place    | Note
-------+----------+-------------------------------------------
     0 | D:1      | sveltemanboy the Demonspawn Gladiator began the quest for the Orb.
     0 | D:1      | Reached XP level 1. HP: 16/16 MP: 1/1
   249 | D:1      | Reached skill level 1 in Armour
   249 | D:1      | Gained mutation: Your flesh is cold resistant. (rC+) [demonic ancestry]
   249 | D:1      | Reached XP level 2. HP: 21/22 MP: 2/2
   253 | D:1      | Reached skill level 3 in Long Blades
   728 | D:1      | Reached XP level 3. HP: 26/27 MP: 3/3
   875 | D:2      | Found a hazy altar of Hepliaklqana.
  1427 | D:2      | Reached XP level 4. HP: 32/33 MP: 4/4
  1780 | D:2      | Found an ancient bone altar of Kikubaaqudgha.
  1782 | D:2      | Found a hide-covered altar of Uskayaw.
  1947 | D:3      | Reached skill level 4 in Long Blades
  2521 | D:3      | Gained mutation: You have a pair of small antennae on your head. [demonic ancestry]
  2521 | D:3      | Reached XP level 5. HP: 38/38 MP: 5/5
  2546 | D:3      | Noticed sveltemanboy's ghost (weakling DsGl)
  2558 | D:3      | Killed sveltemanboy's ghost
  2558 | D:3      | Reached skill level 1 in Evocations
  2893 | D:4      | Learned a level 1 spell: Confusing Touch
  3087 | D:4      | Found a shadowy altar of Dithmenos.
  3116 | D:4      | Reached skill level 5 in Long Blades
  3132 | D:4      | Reached skill level 1 in Spellcasting
  3132 | D:4      | Reached XP level 6. HP: 18/44 MP: 7/7
  3332 | D:4      | Slain by an ogre

Skill      XL: |  1  2  3  4  5 |
---------------+----------------+-----
Armour         | 1 2 |  2.0
Long Blades    | 3 4 5 |  5.1
Dodging        | 3 |  3.1
Evocations     | 1 |  1.3
Spellcasting   | 1 |  1.0
Fighting       | |  2.0
Throwing       | |  1.7

Action                   |  1- 3 |  4- 6 || total
-------------------------+-------+-------++-------
Melee: Long sword        |   147 |   129 ||   276
Evoke: Wand              |       |    11 ||    11
  Use: Scroll            |       |     9 ||     9
       Potion            |       |     2 ||     2
 Stab: Sleeping          |     1 |       ||     1
  Eat: Chunk             |     2 |     6 ||     8
Armor: Leather armour    |    45 |    30 ||    75
Dodge: Dodged            |   114 |    77 ||   191
       Rpst.: Long sword |    39 |    24 ||    63
